 Dungeon Crawl Stone Soup version 0.29.1-2-gbd0b4ee654 (webtiles) character file.

Game seed: 13396615631483697835

60 cdecastro the Shield-Bearer (level 3, -4/31 HPs)
             Began as a Minotaur Fighter on Nov 11, 2022.
             Constricted to death by Natasha (7 damage)
             ... on level 2 of the Dungeon.
             The game lasted 00:01:40 (1135 turns).

cdecastro the Shield-Bearer (Minotaur Fighter)      Turns: 1135, Time: 00:01:41

Health: -4/31      AC:  9    Str: 22    XL:     3   Next: 82%
Magic:  2/2        EV:  6    Int:  5    God:
Gold:   107        SH:  0    Dex:  9    Spells: 2/2 levels left

rFire   . . .      SeeInvis .   i - +2 falchion (elec)
rCold   . . .      Faith    .   (no shield)
rNeg    . . .      Spirit   .   b - +0 scale mail
rPois   .          Reflect  .   g - +1 hat
rElec   .          Harm     .   (no cloak)
rCorr   .          Rampage  .   (no gloves)
Will    .....                   h - +0 pair of boots
Stlth   ..........              (no amulet)
HPRegen 0.10/turn               (no ring)
MPRegen 0.08/turn               (no ring)

@: grasped by roots, constricted
A: horns 2, retaliatory headbutt
a: no special abilities


You were on level 2 of the Dungeon.
You visited 1 branch of the dungeon, and saw 2 of its levels.

You collected 107 gold pieces.

Inventory:

Hand Weapons
 a - a +0 war axe
 i - a +2 falchion of electrocution (weapon)
Armour
 b - a +0 scale mail (worn)
 g - a +1 hat (worn)
 h - a +0 pair of boots (worn)
 n - a +1 cloak
Scrolls
 k - a scroll of enchant weapon {unknown}
 m - a scroll of blinking {unknown}
 o - 2 scrolls of teleportation {unknown}
 p - a scroll of poison {unknown}
Potions
 c - a potion of brilliance {unknown}
 d - a potion of might
 e - 2 potions of berserk rage {unknown}
 f - a potion of cancellation {unknown}
 j - 2 potions of curing {unknown}
 l - 3 potions of haste {unknown}


   Skills:
 - Level 3.6 Fighting
 + Level 3.5 Long Blades
 - Level 3.4 Axes
 - Level 3.6 Armour
 - Level 3.6 Shields


You had 2 spell levels left.
You didn't know any spells.
Your spell library contained the following spells:

 Spells                   Type           Power      Damage    Failure   Level
 Magic Dart               Conj           0%         1d3       80%         1
 Call Imp                 Summ           0%         N/A       90%         2
 Mephitic Cloud           Conj/Pois/Air  0%         N/A       99%         3


Dungeon Overview and Level Annotations

Branches:
Dungeon (2/15)

Altars:

Annotations:
D:2 Natasha, Sigmund


Innate Abilities, Weirdness & Mutations

You have a pair of horns on your head.
You reflexively headbutt those who attack you in melee.


Message History

You completely miss Natasha.
Sigmund the Dreaded comes into view.
He is wielding a +0 scythe and carrying a wand of roots (3).
Natasha mumbles some strange words.
You hit Natasha. Your headbutt misses Natasha.
Natasha is moderately wounded.
Sigmund drinks a potion.
Sigmund flickers and vanishes!
Deactivating autopickup; reactivate with Ctrl-A.
Natasha zaps a wand.
The roots erupt in riotous growth!
The grasping roots grab you!
Natasha is unaffected.
The grasping roots constrict you.
You hear an angry hiss.
You hit Natasha.
Natasha is heavily wounded.
Natasha claws you but does no damage. The grasping roots constrict you.
Unknown command.
You closely miss Natasha. Your headbutt misses Natasha.
Natasha is heavily wounded.
Natasha claws you!
* * * LOW HITPOINT WARNING * * *
The grasping roots constrict you.
* * * LOW HITPOINT WARNING * * *
The crimson imp barely misses you.
The grasping roots release their grip on you.
You barely miss Natasha.
Natasha is heavily wounded.
Natasha zaps a wand.
The roots erupt in riotous growth!
The grasping roots grab you!
Natasha is unaffected.
The crimson imp is unaffected.
The grasping roots constrict you.
* * * LOW HITPOINT WARNING * * *
The crimson imp hits you but does no damage.
Natasha claws you.
* * * LOW HITPOINT WARNING * * *
The grasping roots constrict you.
* * * LOW HITPOINT WARNING * * *
You hit Natasha.
Natasha is heavily wounded.
The crimson imp hits you but does no damage.
Natasha claws you but does no damage. The grasping roots constrict you!
You die...

....>.# .......# ......# #######
### #....# ....... #^.
###...)#### .....## #.#
.)........# ......< #.#
..........## .....# #..
...#.##....######5....## #..
................@h{..... #..
...#.##....####################.#
## #.##....# .......... #.##....#
........## #.##....# ...)......
#.##....# ..........
#.##################..........
###.### #..........#..........
#.....#####..........#..........


You could see Natasha and a crimson imp (summoned).

Vanquished Creatures
  Natasha (D:2)
  An adder (D:2)
  4 ball pythons
  5 bats
  4 endoplasms
  A giant cockroach (D:2)
  2 goblins (D:1)
  A hobgoblin (D:2)
  A kobold (D:1)
  A quokka (D:2)
  4 rats (D:1)
25 creatures vanquished.

Notes
Turn   | Place    | Note
-------+----------+-------------------------------------------
     0 | D:1      | cdecastro the Minotaur Fighter began the quest for the Orb.
     0 | D:1      | Reached XP level 1. HP: 19/19 MP: 0/0
   149 | D:1      | Reached XP level 2. HP: 20/26 MP: 1/1
   307 | D:1      | Reached skill level 1 in Long Blades
   771 | D:2      | Reached XP level 3. HP: 25/31 MP: 2/2
   900 | D:2      | Noticed Natasha
   905 | D:2      | Killed Natasha
  1126 | D:2      | Noticed Natasha
  1130 | D:2      | Noticed Sigmund
  1135 | D:2      | Constricted to death by Natasha

Illustrated notes

Levels and vault maps discovered:
D:1:      lightli_arrival_chessboard, layout_basic
D:2:      layout_basic, uniq_sigmund, uniq_natasha

Skill      XL: |  1  2  3 |
---------------+----------+-----
Axes           | 3 |  3.4
Long Blades    | 2 3 |  3.5
Fighting       | |  3.6
Armour         | |  3.6
Shields        | |  3.6

Action                   || total
-------------------------++-------
Melee: War axe           ||    16
       Headbutt          ||     5
       Falchion          ||    40
       Punch             ||     1
Armor: Scale mail        ||    34
Dodge: Dodged            ||    32
Block: Buckler           ||     5
